 Dungeon Crawl Stone Soup version 0.31-a0-360-gb3e1d13bf4 (webtiles) character file.

Game seed: 8302236186419034781

1008 randomguy2701 the Chopper (level 8, -4/68 (69) HPs)
             Began as a Minotaur Fighter on July 26, 2023.
             Was an Initiate of Makhleb.
             Slain by a wight
             ... wielding a +2 hand axe
              (8 damage)
             ... on level 5 of the Dungeon.
             The game lasted 00:04:40 (4102 turns).

randomguy2701 the Chopper (Minotaur Fighter)        Turns: 4102, Time: 00:04:41

HP:   -4/68 (69)    AC:  7    Str: 24    XL:     8   Next: 1%
MP:   7/7           EV: 10    Int:  5    God:    Makhleb [......]
Gold: 145           SH:  4    Dex:  9    Spells: 7/7 levels left

rFire   . . .        a - +0 war axe
rCold   . . .        c - +0 buckler
rNeg    . . .        b - +0 scale mail
rPois   .            (helmet restricted)
rElec   .            (no cloak)
rCorr   .            (no gloves)
SInv    .            (no boots)
Will    .....        (no amulet) Stlth
                     (no ring)
HPRegen 0.31/turn    (no ring)
MPRegen 0.10/turn

%: no passive effects
@: lightly drained
A: horns 2, retaliatory headbutt
a: Renounce Religion


You were on level 5 of the Dungeon.
You worshipped Makhleb.
Makhleb was noncommittal.
You visited 1 branch of the dungeon, and saw 5 of its levels.

You collected 145 gold pieces.

Inventory:

Hand Weapons
 a - a +0 war axe (weapon)
Missiles
 w - a throwing net
Armour
 b - a +0 scale mail (worn)
 c - a +0 buckler (worn)
Jewellery
 f - a ring of positive energy
 p - a ring of willpower
 v - a ring of positive energy
Scrolls
 e - a scroll of noise {unknown}
 i - a scroll of fog {unknown}
 j - a scroll of fear {unknown}
 k - a scroll of summoning {unknown}
 l - a scroll of poison {unknown}
 m - 4 scrolls of identify {unknown}
 n - a scroll of enchant armour {unknown}
 o - a scroll of acquirement {unknown}
 q - a scroll of teleportation {unknown}
 t - a scroll of immolation {unknown}
 u - a scroll of silence {unknown}
Potions
 d - a potion of might
 g - 2 potions of enlightenment {unknown}
 h - a potion of attraction {unknown}
 r - a potion of ambrosia {unknown}
 s - a potion of cancellation {unknown}


   Skills:
 + Level 5.5 Fighting
 + Level 7.6 Axes
 + Level 6.7 Armour
 + Level 1.8 Dodging
 + Level 0.2 Stealth
 + Level 5.2 Shields


You had 7 spell levels left.
You didn't know any spells.
Your spell library contained the following spells:

 Spells                   Type           Power      Damage    Failure   Level
 Shock                    Conj/Air       0%         1d3       82%         1
 Slow                     Hex            0%         N/A       82%         1
 Confusing Touch          Hex            0%         N/A       99%         3
 Frozen Ramparts          Ice            0%         1d1       99%         3
 Swiftness                Air            0%         N/A       99%         3
 Vampiric Draining        Necr           0%         2d6       99%         3
 Airstrike                Air            0%         2d(0-16)  100%        4
 Petrify                  Tmut/Erth      0%         N/A       100%        4
 Metabolic Englaciation   Hex/Ice        0%         N/A       100%        5


Dungeon Overview and Level Annotations

Branches:
Dungeon (5/15)             Temple (0/1) D:5

Altars:
Cheibriados
Makhleb
Ru
Sif Muna


Innate Abilities, Weirdness & Mutations

You have a pair of horns on your head.
You reflexively headbutt those who attack you in melee.


Message History

You hear the quick hiss of an avalanche of sand nearby.
The scorpion attacks as you move away! The scorpion misses you.
The scorpion attacks as you move away! The scorpion stings you.
The scorpion barely misses you. The scorpion attacks as you move away!
The scorpion stings you but does no damage.
You barely miss the scorpion.
You headbutt the scorpion, but do no damage.
The scorpion stings you but does no damage.
You block the scorpion's attack.
You slash the scorpion!
The scorpion is severely wounded.
The scorpion stings you.
You closely miss the scorpion. Your headbutt misses the scorpion.
The scorpion is severely wounded.
The scorpion barely misses you.
You slash the scorpion!
You kill the scorpion!
Makhleb accepts your kill.
Your life force feels restored.
You have reached level 8!
You feel stronger.
You closely miss the wight.
The wight is heavily damaged.
The wight hits you with a +2 hand axe!
* * * LOW HITPOINT WARNING * * *
The wight attacks as you move away! The wight hits you with a +2 hand axe.
* * * LOW HITPOINT WARNING * * *
You feel drained.
* * * LOW HITPOINT WARNING * * *
The wight attacks as you move away! You block the wight's attack.
You closely miss the wight. Your headbutt misses the wight.
The wight is heavily damaged.
The wight hits you with a +2 hand axe.
* * * LOW HITPOINT WARNING * * *
You block the wight's attack.
You hit the wight. Your headbutt misses the wight.
The wight is severely damaged.
The wight hits you with a +2 hand axe!
You die...

#.....#####.##~##.##~##..
.. #...#.# #.#~~~#†#~~~#..
... #####.#
#.#~~~~~~~~~#.. #.#
#.#⌠~~###~~⌠# . #.#
#.#####.#####. #.#
#............ #.#
####.......# #.#
######.......# #.... ..
#....z@......# #.#.##.#
#.####.......# #...#..
#.########.### #..... .
#.#..........# #...# ..
#.#....#.#...###...##..
###.#...#.#.#....#.......
#...#..#.#.#.#.#.........
#.###...#.>.#..###.......
.#......#.#.#.#.###.......


You could see a wight.

Vanquished Creatures
  Grinder (D:3)
  Sigmund (D:3)
  A black bear (D:5)
  2 scorpions
  A wight (D:5)
  2 hounds
  2 iguanas
  Jessica (D:3)
  A sleepcap (D:5)
  11 adders
  A white imp (D:5)
  4 worms
  6 dart slugs
  5 orcs
  7 ball pythons
  4 endoplasms
  2 giant cockroaches
  9 goblins
  10 hobgoblins
  8 jackals
  3 kobolds (D:1)
  4 quokkas
  8 bats
  3 frilled lizards
  3 rats
100 creatures vanquished.

Notes
Turn   | Place    | Note
-------+----------+-------------------------------------------
     0 | D:1      | randomguy2701 the Minotaur Fighter began the quest for the
                  | Orb.
     0 | D:1      | Reached XP level 1. HP: 19/19 MP: 0/0
   118 | D:1      | Reached XP level 2. HP: 27/27 MP: 1/1
   586 | D:1      | Reached XP level 3. HP: 28/33 MP: 2/2
  1268 | D:2      | Reached skill level 3 in Axes
  1800 | D:2      | Reached XP level 4. HP: 40/40 MP: 3/3
  1896 | D:3      | Found a burning altar of Makhleb.
  1960 | D:3      | Noticed Grinder
  1967 | D:3      | Killed Grinder
  1968 | D:3      | Reached skill level 5 in Axes
  1968 | D:3      | Reached skill level 5 in Armour
  1968 | D:3      | Reached XP level 5. HP: 47/47 MP: 4/4
  1968 | D:3      | Reached XP level 6. HP: 53/53 MP: 5/5
  2032 | D:3      | Noticed Sigmund
  2050 | D:3      | Killed Sigmund
  2051 | D:3      | Reached skill level 6 in Axes
  2051 | D:3      | Reached skill level 1 in Dodging
  2437 | D:3      | Noticed Jessica
  2439 | D:3      | Killed Jessica
  2440 | D:3      | Reached skill level 5 in Shields
  2447 | D:3      | Found a shimmering blue altar of Sif Muna.
  2515 | D:3      | Reached XP level 7. HP: 54/60 MP: 6/6
  2774 | D:3      | Reached skill level 5 in Fighting
  2853 | D:3      | Found a faded altar of an unknown god.
  3156 | D:3      | Became a worshipper of Makhleb the Destroyer
  3412 | D:4      | Found a sacrificial altar of Ru.
  3647 | D:5      | Entered Level 5 of the Dungeon
  3866 | D:5      | Found a snail-covered altar of Cheibriados.
  3928 | D:5      | Reached skill level 7 in Axes
  3982 | D:5      | Found a staircase to the Ecumenical Temple.
  4093 | D:5      | Reached XP level 8. HP: 23/69 MP: 7/7
  4101 | D:5      | HP: 3/68 [wight/+2 hand axe (4)]
  4102 | D:5      | Slain by a wight

Illustrated notes

Levels and vault maps discovered:
D:1:      erik_arrival_cave_to_civilisation [erik_arrival_cave_to_hall],
          layout_basic
D:2:      layout_basic
D:3:      layout_loops_ring, nicolae_sif_muna_condensation,
          mainiacjoe_overflow_24_doors, shapermc_ecumenical_altar_hornbeckon,
          serial_aquarium, aquarium_bridge_long_joined
          [aquarium_subvault_window, aquarium_subvault_window,
          aquarium_subvault_window, aquarium_subvault_window,
          aquarium_subvault_window, aquarium_subvault_bridge],
          aquarium_window_1, aquarium_window_fake, aquarium_window_1,
          aquarium_view_2f, aquarium_view_2e, aquarium_pool_side,
          minmay_bisected, uniq_jessica, uniq_grinder, uniq_sigmund
D:4:      layout_cave_pools, old_standard_altar
D:5:      layout_basic, cheibrodos_worm_habitat, minmay_temple_entry_grid,
          nicolae_ossuary_entry_ruins

Skill      XL: |  1  2  3  4  5  6  7 |
---------------+----------------------+-----
Fighting       | 4 5 |  5.5
Shields        | 4 5 |  5.2
Armour         | 4 5 6 |  6.7
Axes           | 3 5 6 7 |  7.6
Dodging        | 1 |  1.8
Stealth        | |  0.2

Action                     |  1- 3 |  4- 6 |  7- 9 || total
---------------------------+-------+-------+-------++-------
  Melee: War axe           |    76 |    53 |    94 ||   223
         Headbutt          |     7 |    13 |    14 ||    34
 Armour: Scale mail        |    61 |    11 |    33 ||   105
  Dodge: Dodged            |    39 |    22 |    47 ||   108
  Block: Buckler           |    21 |     5 |    21 ||    47

Table legend: (Time is in decaauts)
 A = Elapsed time spent in this place.
 B = Non-inter-level travel time spent in this place.
 C = Inter-level travel time spent in this place.
 D = Time resting spent in this place.
 E = Time spent auto-exploring this place.
 F = Levels seen in this place.
 G = Mean time per level.
                   A        B        C        D        E       F      G
               +--------+--------+--------+--------+--------+-----+--------+
         Total |   4181 |   3932 |    249 |      0 |   3302 |   5 |  836.2 |
       Dungeon |   4181 |   3932 |    249 |      0 |   3302 |   5 |  836.2 |
               +--------+--------+--------+--------+--------+-----+--------+

Top non-repeatable levels by time:
     D:3: 1336 daAuts
     D:1: 1121 daAuts
     D:2: 783 daAuts
     D:5: 475 daAuts
     D:4: 464 daAuts
